 Dungeon Crawl Stone Soup version 0.16-a0-2970-ge3807df (webtiles) character file.

29 Johnny the Grave Robber (level 2, 0/23 HPs)
             Began as a Demigod Necromancer on Dec 5, 2014.
             Succumbed to poison (a potion of poison)
             ... on level 3 of the Dungeon.
             The game lasted 00:02:31 (2182 turns).

Johnny the Grave Robber (Demigod Necromancer)       Turns: 2182, Time: 00:02:32

Health: 0/23       AC:  2    Str: 11    XL:     2   Next: 81%
Magic:  0/5        EV: 13    Int: 19    God:
Gold:   151        SH:  0    Dex: 16    Spells: 1 memorised, 4 levels left

rFire  . . .     SeeInvis .     g - -1 short sword (curse)
rCold  . . .     Clarity  .     a - +0 robe
rNeg   . . .     SustAb   +     (no shield)
rPois  .         Gourm    .     (no helmet)
rElec  .         Spirit   .     (no cloak)
rCorr  .         Warding  .     (no gloves)
rMut   .         Stasis   .     (no boots)
MR     .....                    (no amulet)
Stlth  ++........               (no ring)
                                (no ring)

@: lethally poisoned, not resistant to hostile enchantments, unstealthy
A: sustain abilities
a: no special abilities


You were on level 3 of the Dungeon.
You were not hungry.

You visited 1 branch of the dungeon, and saw 3 of its levels.

You collected 151 gold pieces.

Inventory:

Hand weapons
 g - a cursed -1 short sword (weapon)
Missiles
 n - 4 javelins (quivered)
Armour
 a - a +0 robe (worn)
Jewellery
 l - a cursed amulet of inaccuracy {unknown}
Scrolls
 d - 3 scrolls of identify {unknown}
 e - a scroll of teleportation {unknown}
 i - 2 scrolls of random uselessness {unknown}
 j - 2 scrolls of remove curse {unknown}
 m - a scroll of immolation {unknown}
Potions
 p - a potion of lignification {unknown}
 r - a potion of ambrosia {unknown}
Books
 b - a book of Necromancy

   Spells                             Type                      Level
   a - Pain                           Necromancy                   1
   b - Animate Skeleton               Necromancy                   1
   c - Vampiric Draining              Necromancy                   3
   d - Regeneration                   Charms/Necromancy            3
   e - Animate Dead                   Necromancy                   4
   f - Control Undead                 Necromancy                   4
Comestibles
 c - 4 bread rations
 f - 5 meat rations
 h - 2 slices of pizza
 k - a beef jerky


   Skills:
 * Level 1.0 Fighting
 + Level 0.1 Armour
 * Level 2.2 Dodging
 - Level 1.7 Stealth
 * Level 2.1 Spellcasting
 * Level 3.8 Necromancy


You had 4 spell levels left.
You knew the following spells:

 Your Spells              Type           Power        Failure   Level  Hunger
a - Pain                  Necr           ###.         4%          1    #......


Dungeon Overview and Level Annotations

Branches:
Dungeon (3/15)

Annotations:
D:3 Crazy Yiuf


Innate Abilities, Weirdness & Mutations

Your attributes are resistant to harm.


Message History

Crazy Yiuf screams, "Announcement King canine!"
You see here a bat corpse.
You feel sick.
Crazy Yiuf flaps his cloak.
Casting: Pain
Confirm with . or Enter, or press ? or * to list all spells.
Aiming: Pain
Press: ? - help, Shift-Dir - straight line, f/p - Crazy Yiuf
Aim: Crazy Yiuf, wielding a quarterstaff of chaos and wearing a glowing cloak (severely wounded) Crazy Yiuf convulses in agony!
Crazy Yiuf sings, "Trees, trees, trees, circus!"
Crazy Yiuf hits you with a quarterstaff of chaos.
* * * LOW HITPOINT WARNING * * *
Crazy Yiuf burns you.
* * * LOW HITPOINT WARNING * * *
Unknown command.
Drink which item? (? for menu, Esc to quit)
It was a potion of poison.
That liquid tasted very nasty...
You are more poisoned.
You die...

############## ##
#............# #≈
#............# ##≈
#............# ##..
♣♣♣♣♣##............# #...
♣♣.♣..#.............# #...
..♣...........†g@...#
######.#≈
♣♣♣♣................#
#......#≈ ♣
♣♣.#..+#####'#########...#####
♣♣###+#####.#####.......###..
#...>................'.'..
....#########..##...###.. ..
#.......# ### #...##### #.#.#


You could see Crazy Yiuf.

Vanquished Creatures
  7 bats
  2 giant cockroaches
  5 hobgoblins
  2 kobolds (D:1)
  A ball python (D:2)
  2 giant geckos (D:2)
  A giant newt (D:1)
  2 goblins (D:2)
  4 rats
26 creatures vanquished.

Vanquished Creatures (others)
  A quokka (D:3)
1 creature vanquished.

Grand Total: 27 creatures vanquished

Notes
Turn   | Place    | Note
--------------------------------------------------------------
     0 | D:1      | Johnny, the Demigod Necromancer, began the quest for the Orb.
     0 | D:1      | Reached XP level 1. HP: 14/14 MP: 3/3
  1219 | D:1      | Reached XP level 2. HP: 19/22 MP: 5/5
  1698 | D:3      | Reached skill level 1 in Fighting
  2030 | D:3      | Found a white marble altar of Elyvilon.
  2155 | D:3      | Noticed Crazy Yiuf
  2181 | D:3      | HP: 1/23 [Crazy Yiuf/quarterstaff of chaos (1)]
  2182 | D:3      | Succumbed to poison (a potion of poison)

Action                   || total
-------------------------++-------
Melee: Short sword       ||    48
Throw: Javelin           ||     1
 Cast: Pain              ||    42
  Use: Potion            ||     1
  Eat: Chunk             ||     4
